[Event "Late-Titled-Tuesday-Blitz-May-28-2024"]
[Site "Chess.com"]
[Date "2024.05.28"]
[Round "9"]
[White "Zq1"]
[Black "rhwr"]
[Result "1-0"]
[WhiteElo "2533"]
[BlackElo "2347"]
[TimeControl "180+1"]
[EndTime "15:44:44 PDT"]
[Termination "Zq1 won by resignation"]

1. Nf3 Nf6 2. c4 g6 3. Nc3 Bg7 4. e4 d6 5. d4 O-O 6. Be2 e5 7. O-O Nbd7 8. Be3 c6 9. d5 Qc7 10. Rc1 a5 11. b3 Ng4 12. Bd2 f5 13. exf5 gxf5 14. Ng5 Ndf6 15. h3 Nh6 16. f4 e4 17. Be3 c5 18. Ne6 Bxe6 19. dxe6 Qe7 20. Nd5 Nxd5 21. cxd5 Kh8 22. a4 Ng8 23. Qe1 Nf6 24.
Bc4 b6 25. Qh4 Qb7 26. Rcd1 Ne8 27. Kh1 Bf6 28. Qh5 Ng7 29. Qh6 Qe7 30. g4 fxg4 31.
hxg4 Bc3 32. f5 Qf6 33. Qxf6 Rxf6 34. Rf4 h5 35. Rg1 hxg4 36. Rfxg4 Nxf5 37. R1g2 Be1 38. Rh2+ Bh4 39. Bf2 Rh6 40. Bxh4 Nxh4 41. Rgxh4 Rxh4 42. Rxh4+ Kg7 43. Rxe4 Kf6 44. e7 Kf7 45. Re6 Rh8+ 46.
Kg2 Rg8+ 47. Kf3 Re8 48. Rxd6 Rxe7 49. Rxb6 Ke8 50. Re6 Rxe6 51. dxe6 Ke7 52. Ke4 Kd6 53.
Kf5 Ke7 54. Ke5 1-0

[Event "Late-Titled-Tuesday-Blitz-May-28-2024"]
[Site "Chess.com"]
[Date "2024.05.28"]
[Round "9"]
[White "Polish_fighter3000"]
[Black "Shankland"]
[Result "1/2-1/2"]
[WhiteElo "3112"]
[BlackElo "3005"]
[TimeControl "180+1"]
[EndTime "15:44:48 PDT"]
[Termination "Game drawn - insufficient material"]

1. d4 Nf6 2. c4 g6 3. Nc3 d5 4. cxd5 Nxd5 5. e4 Nxc3 6. bxc3 Bg7 7. Bc4 c5 8. Ne2 O-O 9. Be3 Nc6 10. Rc1 cxd4 11.
cxd4 Qa5+ 12. Kf1 Qa3 13. h4 Bg4 14. d5 Ne5 15. Qb3 Qxb3 16. Bxb3 a5 17. Ba4 Rfc8 18. f3 Bd7 19. Bxd7 Rxc1+ 20. Nxc1 Nxd7 21. Nb3 a4 22. Nd4 Rc8 23. Ke2 Bxd4 24. Bxd4 Rc2+ 25. Kd3 Rxa2 26. Rc1 f6 27. Rc7 Ne5+ 28. Bxe5 fxe5 29. Rxe7 a3 30. Rxb7 Rxg2 31. Ra7 a2 32. d6 Rg1 33. Rxa2 Rd1+ 34. Rd2 Rxd2+ 35. Kxd2 Kf7 36. f4 exf4 37.
e5 Ke6 38. Ke2 h6 39. Kf3 g5 40. hxg5 hxg5 41. Ke4 Kd7 42. Kf3 Ke6 43. Ke4 Kd7 44. Kd5 f3 45. e6+ Kd8 46. Kc6 f2 47. e7+ Ke8 48.
Kc7 f1=Q 49. d7+ Kxe7 50. d8=Q+ Ke6 51. Qxg5 Qf6 52. Qxf6+ Kxf6 1/2-1/2

[Event "Late-Titled-Tuesday-Blitz-May-28-2024"]
[Site "Chess.com"]
[Date "2024.05.28"]
[Round "9"]
[White "ValeriyGrinev"]
[Black "MaiqMaster"]
[Result "0-1"]
[WhiteElo "2576"]
[BlackElo "2484"]
[TimeControl "180+1"]
[EndTime "15:44:49 PDT"]
[Termination "MaiqMaster won by resignation"]

1. e4 c5 2. Nc3 e6 3. g3 d5 4. Bg2 Nf6 5. d3 Be7 6. Nge2 d4 7. Nb1 e5 8. h3 h5 9. a4 Nc6 10. Na3 Be6 11. b3 Nd7 12. Nc4 h4 13. f4 hxg3 14. f5 Bxc4 15. bxc4 Bg5 16. Nxg3 Bxc1 17.
Qxc1 Qh4 18. Kf2 O-O-O 19. Bf3 g6 20. Bg4 Nf6 21. Kf3 Kb8 22. a5 Nh5 23. Ne2 gxf5 24.
exf5 e4+ 25. dxe4 Ne5+ 26. Kg2 Nxg4 27. hxg4 Qxg4+ 28. Kf2 Qxe4 29. Ra3 Rde8 30. Qf1 Qxf5+ 31. Rf3 Qxc2 32. Qd1 Qxc4 33. a6 Re3 34. Rhh3 Rhe8 35. Ng1 Rxf3+ 36. Rxf3 Qd5 37. Qb1 b6 38. Rf5 Qe6 39.
Rxh5 Qe3+ 40. Kg2 Rg8+ 41. Kh1 Rxg1+ 42. Qxg1 Qf3+ 43. Qg2 Qxh5+ 44. Kg1 Qd1+ 45. Kh2 Qh5+ 46. Kg1 Qg6 47. Qxg6 fxg6 48. Kf2 b5 49. Kf3 Kc7 50. Ke4 Kb6 51. Kd5 Kxa6 52. Kxc5 d3 0-1

[Event "Late-Titled-Tuesday-Blitz-May-28-2024"]
[Site "Chess.com"]
[Date "2024.05.28"]
[Round "9"]
[White "Caterpiller35"]
[Black "ATM622"]
[Result "0-1"]
[WhiteElo "2464"]
[BlackElo "2585"]
[TimeControl "180+1"]
[EndTime "15:44:50 PDT"]
[Termination "ATM622 won by checkmate"]

1. d4 d5 2. Bf4 Nf6 3. e3 e6 4.
Bd3 Bd6 5. Nf3 O-O 6. Nbd2 c5 7. c3 Bxf4 8. exf4 Qb6 9. Qb3 Qc7 10. dxc5 Nbd7 11.
g3 Nxc5 12. Qc2 Bd7 13. O-O Rac8 14. Rfe1 a5 15. Ne5 Rfd8 16. Ndf3 Nfe4 17. Bxe4 Nxe4 18. Ng5 f6 19. Nxe4 fxe5 20. Ng5 e4 21. Qd1 h6 22. Nh3 Qb6 23. Qd2 Rc5 24. Rad1 e5 25. Kg2 Bxh3+ 26. Kxh3 Qe6+ 27. Kg2 exf4 28. Qxf4 Rf8 29. Qe3 b6 30. f4 Qg4 31. h3 Qf5 32. Rd4 Rfc8 33. Red1 Qe6 34.
g4 Rf8 35. f5 Qc6 36. Qf4 b5 37. a3 Re8 38. R1d2 Rc4 39. h4 e3 40. Re2 Rxd4 41. Qxd4 Re4 42. Qd3 d4 43. Kh3 Rf4 44. cxd4 Qh1+ 45.
Kg3 Rf3# 0-1

[Event "Late-Titled-Tuesday-Blitz-May-28-2024"]
[Site "Chess.com"]
[Date "2024.05.28"]
[Round "9"]
[White "DucksParadise"]
[Black "RaugintaBulba"]
[Result "1-0"]
[WhiteElo "2570"]
[BlackElo "2446"]
[TimeControl "180+1"]
[EndTime "15:44:51 PDT"]
[Termination "DucksParadise won by checkmate"]

1. f4 d5 2. Nf3 Nf6 3. e3 g6 4. d4 Bg7 5. Be2 O-O 6. c3 Ne4 7. Nbd2 c5 8. Nxe4 dxe4 9. Ne5 cxd4 10. cxd4 Nd7 11. Bd2 Nxe5 12. dxe5 b6 13. Bc3 Bb7 14. O-O Qxd1 15. Rfxd1 Rfd8 16. a4 f6 17. Bc4+ Kf8 18.
a5 Bc6 19. axb6 axb6 20. Rxd8+ Rxd8 21. Ra7 fxe5 22. fxe5 b5 23. Be6 Bd5 24. Bd7 b4 25.
Bd4 Bc4 26. Rc7 Bd3 27. Bc6 Rb8 28. Ba7 Rd8 29. Bc5 Rb8 30. Rxe7 Kg8 31. Bd5+ Kh8 32. Bd4 Rc8 33. Rb7 h5 34. h4 Kh7 35. e6 Rg8 36. e7 Re8 37. Bc6 Bb5 38. Bxb5 Rxe7 39. Rxe7 Kh6 40. Bxg7+ Kh7 41. Bf6+ Kg8 42. Bc4+ Kf8 43. Rd7 g5 44. Be6 gxh4 45. Rd8# 1-0

[Event "Late-Titled-Tuesday-Blitz-May-28-2024"]
[Site "Chess.com"]
[Date "2024.05.28"]
[Round "9"]
[White "wild3000"]
[Black "GoValya"]
[Result "1-0"]
[WhiteElo "2375"]
[BlackElo "2216"]
[TimeControl "180+1"]
[EndTime "15:44:51 PDT"]
[Termination "wild3000 won on time"]

1. d4 d5 2. c3 c6 3. e3 g6 4. f4 Bg7 5. g3 Nf6 6. h4 Bg4 7. Be2 h5 8. Na3 O-O 9. Nf3 Ne4 10. Rg1 e6 11. Ng5 Nxg5 12. hxg5 Bxe2 13. Qxe2 f6 14. gxf6 Qxf6 15. g4 Qh4+ 16. Qf2 Qxf2+ 17. Kxf2 Nd7 18. gxh5 gxh5 19. Ke2 Nf6 20. Bd2 Ne4 21. Rg2 Kf7 22. Rh1 Rh8 23. Be1 Bf6 24. Kf3 h4 25. Rh3 Rh7 26. Nc2 Ke7 27. a4 Rf8 28. Nb4 Kd7 29. Rg4 Be7 30. Ke2 Rfh8 31. Nd3 Bf6 32.
b3 b6 33. c4 c5 34. dxc5 bxc5 35. cxd5 exd5 36. Rg6 Bc3 37. Nxc5+ Nxc5 38. Bxc3 Re8 39. Be1 Nxb3 40. Rxh4 Rxh4 41. Bxh4 Nd4+ 42. Kd3 Nf5 43.
Bf2 Re7 44. Ra6 Ke8 45. Rf6 Ng7 46. Kd4 Rd7 47. a5 Ke7 48. Bh4 Ne6+ 49. Ke5 1-0

[Event "Late-Titled-Tuesday-Blitz-May-28-2024"]
[Site "Chess.com"]
[Date "2024.05.28"]
[Round "9"]
[White "mostafa_sakha"]
[Black "RobertJFischer71"]
[Result "1-0"]
[WhiteElo "2400"]
[BlackElo "2660"]
[TimeControl "180+1"]
[EndTime "15:44:52 PDT"]
[Termination "mostafa_sakha won by resignation"]

1. d4 d5 2. c4 c6 3. Nf3 Nf6 4. Nc3 e6 5. g3 Nbd7 6. Bg2 dxc4 7. O-O b5 8. e4 Bb7 9. e5 Nd5 10. Ng5 Be7 11. Nce4 O-O 12. Qh5 h6 13. Nh3 f5 14. exf6 N7xf6 15. Qe2 Nxe4 16. Bxe4 c5 17. Qg4 Rf6 18. Nf4 Nxf4 19. Bxb7 Rb8 20. Bxf4 Rxb7 21. dxc5 Bxc5 22. Rad1 Rd7 23. Be5 Rxf2 24. Qxg7+ Rxg7 25. Rxd8+ Kh7 26. Rxf2 Bxf2+ 27. Kxf2 Rf7+ 28. Ke2 Kg6 29. g4 Kg5 30. Rg8+ Kh4 31. Bg3+ Kh3 32. Rg6 Re7 33. Kf3 Rf7+ 34. Bf4 h5 35. Rh6 h4 36. Rxe6 a6 37.
g5 b4 38. g6 Rg7 39. Be5 Rg8 40. Ke4 c3 41. bxc3 bxc3 42. g7 c2 43. Rc6 a5 44.
Rxc2 a4 45. Rc3+ Kg4 46. Rf3 1-0

[Event "Late-Titled-Tuesday-Blitz-May-28-2024"]
[Site "Chess.com"]
[Date "2024.05.28"]
[Round "9"]
[White "JaackCamel"]
[Black "Tol_Tol"]
[Result "0-1"]
[WhiteElo "2228"]
[BlackElo "2342"]
[TimeControl "180+1"]
[EndTime "15:44:52 PDT"]
[Termination "Tol_Tol won on time"]

1. d4 Nf6 2. c4 g6 3. Nc3 Bg7 4. e4 O-O 5. Nf3 d6 6. Be2 e5 7. Be3 Ng4 8. Bg5 f6 9. Bh4 g5 10.
Bg3 Nh6 11. dxe5 dxe5 12. Qxd8 Rxd8 13. Nd5 Na6 14. Ne7+ Kf7 15. Nxc8 Raxc8 16. Rd1 Nc5 17. Nd2 Ne6 18. O-O Nd4 19. Bh5+ Ke7 20. f3 Ne2+ 21.
Kf2 Nf4 22. Bxf4 gxf4 23. Nb3 b6 24. c5 Ke6 25. g3 Bf8 26. gxf4 exf4 27. Ke2 bxc5 28.
Na5 Rd6 29. Nc4 Rd4 30. Rxd4 cxd4 31. Kd3 c5 32. Rg1 Rb8 33. b3 f5 34. Rg5 fxe4+ 35.
Kxe4 Bd6 36. Rg7 Rg8 37. Rxh7 Bf8 38. Rxa7 Rg5 39. Be8 Rg2 40. Bd7+ Kf6 41. Ra6+ Kg7 42. Kxf4 Rxh2 43. Ne5 Rh4+ 44. Kg5 Be7+ 0-1

[Event "Late-Titled-Tuesday-Blitz-May-28-2024"]
[Site "Chess.com"]
[Date "2024.05.28"]
[Round "9"]
[White "GMG"]
[Black "Karttunen"]
[Result "1-0"]
[WhiteElo "2810"]
[BlackElo "2671"]
[TimeControl "180+1"]
[EndTime "15:44:54 PDT"]
[Termination "GMG won by resignation"]

1. d4 Nf6 2. c4 e6 3. Nf3 d5 4.
Nc3 Bb4 5. cxd5 exd5 6. Bg5 h6 7. Bh4 Nc6 8. e3 g5 9. Bg3 Ne4 10. Nd2 Bxc3 11. bxc3 Nxg3 12. hxg3 Qd6 13. Bd3 Be6 14. Rb1 b6 15. e4 O-O-O 16. e5 Qa3 17. O-O Na5 18. Qc2 Kb8 19. f4 gxf4 20. gxf4 Bd7 21. Rb4 Nb7 22. Nb1 Qa5 23. f5 c5 24. Rb2 Rc8 25. Qf2 cxd4 26. cxd4 Ka8 27. Re2 Bb5 28. Qf3 Bxd3 29. Qxd3 Rc4 30. e6 f6 31. Nd2 Rc3 32. Qb1 Nd6 33. Nb3 Qa4 34. Qe1 Rcc8 35. e7 Rhe8 36. Re6 Ne4 37. Rxe4 dxe4 38. Qxe4+ Qc6 39. d5 Qb7 40. Re1 Rc7 41. d6 Qxe4 42. Rxe4 Rd7 43.
Re6 Kb7 44. Nd4 a6 45. Rxf6 b5 46. Rf8 Rdxe7 47. dxe7 Rxe7 48. f6 Rd7 49. Ne6 1-0

[Event "Late-Titled-Tuesday-Blitz-May-28-2024"]
[Site "Chess.com"]
[Date "2024.05.28"]
[Round "9"]
[White "IngOscarArdila"]
[Black "atalz0"]
[Result "1/2-1/2"]
[WhiteElo "2302"]
[BlackElo "2485"]
[TimeControl "180+1"]
[EndTime "15:44:57 PDT"]
[Termination "Game drawn by repetition"]

1. d4 Nf6 2. Nf3 e6 3. c4 d5 4. Nc3 c5 5. Bg5 cxd4 6. Nxd4 Be7 7. cxd5 Nxd5 8. Bxe7 Qxe7 9. Nxd5 exd5 10. e3 Qb4+ 11. Qd2 Qxd2+ 12. Kxd2 Nc6 13. Bb5 Bd7 14. Bxc6 bxc6 15.
Rhc1 Rc8 16. b4 Ke7 17. Rc5 Kd6 18. Rac1 a6 19. Ra5 Ra8 20. Nb3 Rhb8 21. a3 Rb5 22. Rc5 Bc8 23. Nd4 Rxc5 24. Rxc5 Bd7 25. Nb3 Kc7 26. Na5 Kb6 27. Kc3 Re8 28. Nb3 Re4 29.
Nd4 g6 30. Kd3 h5 31. f3 Re7 32. Ra5 Re8 33. Nb3 h4 34. Nc5 Bc8 35. Nb3 Bf5+ 36. Kd2 g5 37. Nd4 Bd7 38. Rc5 h3 39. g3 f6 40. a4 Re7 41. a5+ Kb7 42. Rc1 Kc7 43. Nb3 Bc8 44. Nc5 Kd6 45. Re1 f5 46. Kd3 g4 47. f4 Re8 48. Kd4 Re7 49. Kd3 Re8 50.
Kd2 Re7 51. Nd3 Re4 52. Rb1 Rc4 53. Rc1 Re4 54. Ne5 Rxb4 55. Nf7+ Ke7 56. Ne5 Bd7 57.
Ng6+ Kd6 58. Ne5 Rb2+ 59. Rc2 Rxc2+ 60. Kxc2 c5 61. Kc3 Bc8 62. Nf7+ Ke7 63. Ne5 Kd6 64. Nd3 Bb7 65. Ne5 Bc8 1/2-1/2

[Event "Late-Titled-Tuesday-Blitz-May-28-2024"]
[Site "Chess.com"]
[Date "2024.05.28"]
[Round "9"]
[White "nitpicker"]
[Black "dolynachess"]
[Result "0-1"]
[WhiteElo "2306"]
[BlackElo "2514"]
[TimeControl "180+1"]
[EndTime "15:44:57 PDT"]
[Termination "dolynachess won by checkmate"]

1. d4 Nf6 2. c4 c5 3. d5 b5 4. cxb5 a6 5. e3 g6 6. Nc3 Bg7 7.
a4 O-O 8. Nf3 e6 9. dxe6 fxe6 10. Qd6 axb5 11. Bxb5 Na6 12. O-O Bb7 13. Rd1 Ne8 14.
Qxd7 Qb8 15. Qxe6+ Kh8 16. e4 Nb4 17. Bg5 Nc7 18. Qd6 Nc2 19. Rac1 Nd4 20. Nxd4 cxd4 21. Rxd4 Nxb5 22. axb5 Qe8 23. Rc4 Qf7 24. Qc5 Rac8 25. f3 Rxc5 26. Rxc5 Bd4+ 27. Kh1 Bxc5 28. Bd2 Bd4 29.
Nd5 Bg7 30. Ne3 Rc8 31. Re1 Qb3 32. b6 Qxb2 33. Ba5 Rc1 34. Kg1 Rxe1+ 35. Bxe1 Qc1 36.
Kf2 Bd4 37. Bd2 Qxd2+ 38. Kg3 Qxe3 39. Kg4 Qe2 40. g3 Qf2 41. h4 Qg2 42. f4 Bf2 43.
Kg5 Qxg3+ 44. Kf6 Qxh4+ 45. Ke6 Bg3 46. Kd6 Qxf4+ 47. Kd7 Qd6+ 48. Ke8 Qe6+ 49. Kd8 Bc6 50. b7 Qd7# 0-1

[Event "Late-Titled-Tuesday-Blitz-May-28-2024"]
[Site "Chess.com"]
[Date "2024.05.28"]
[Round "9"]
[White "Grischuk"]
[Black "TigrVShlyape"]
[Result "1/2-1/2"]
[WhiteElo "3120"]
[BlackElo "2920"]
[TimeControl "180+1"]
[EndTime "15:44:58 PDT"]
[Termination "Game drawn by repetition"]

1. d4 f5 2. Nc3 Nf6 3. Bg5 d5 4.
e3 e6 5. Nf3 Be7 6. Bd3 O-O 7. O-O Nbd7 8. Ne2 h6 9. Bh4 g5 10. Bg3 Nh5 11. c4 Nxg3 12. fxg3 g4 13. Nd2 c6 14. Nf4 Nf6 15. Ng6 Re8 16. Nxe7+ Qxe7 17. Qc2 Bd7 18. Rae1 Qg7 19. Nb1 h5 20. Nc3 Qg5 21.
Qc1 h4 22. Ne2 hxg3 23. hxg3 Kg7 24. Kf2 Rh8 25. Rh1 Rac8 26. c5 Rce8 27. Rxh8 Rxh8 28. Rh1 Rxh1 29. Qxh1 Ng8 30. Qh4 Qf6 31. Nf4 Be8 32. b4 Ne7 33. a4 a6 34. Ke1 Qxh4 35. gxh4 Kf6 36. g3 Ng6 37. Kd2 Nxf4 38. exf4 Bd7 39.
Kc3 Bc8 40. b5 a5 41. b6 Kg6 42. Kd2 Kf6 43. Ke3 Kg6 44. Be2 Kf6 45. Bd1 Kg6 46. Bc2 Kf6 47. Bd3 Kg6 48. Be2 Kf6 49. Bd1 Kg6 50. Bc2 Kf6 51. Bd3 1/2-1/2

[Event "Late-Titled-Tuesday-Blitz-May-28-2024"]
[Site "Chess.com"]
[Date "2024.05.28"]
[Round "9"]
[White "nihalsarin"]
[Black "Hikaru"]
[Result "1/2-1/2"]
[WhiteElo "3252"]
[BlackElo "3224"]
[TimeControl "180+1"]
[EndTime "15:45:01 PDT"]
[Termination "Game drawn by agreement"]

1. d4 Nf6 2. c4 e6 3. Nf3 Bb4+ 4. Bd2 c5 5. e3 b6 6. Bd3 Bb7 7. O-O O-O 8. Bxb4 cxb4 9. a3 Nc6 10. d5 exd5 11.
cxd5 Nb8 12. e4 bxa3 13. Nxa3 d6 14. Re1 a5 15. Nd4 Nbd7 16. Bb5 Nc5 17. Bc6 Bxc6 18. dxc6 Nfxe4 19. Nab5 d5 20. f3 Nf6 21. Qd2 g6 22. Ra3 Ne8 23. Qf4 Ng7 24. c7 Qd7 25. Qd6 Rfc8 26.
Qxb6 Nce6 27. Rc3 a4 28. Qc6 Qxc6 29. Nxc6 Nf5 30. g4 d4 31. Rd3 Nxc7 32. gxf5 Nxb5 33. Ne7+ Kg7 34. Nxc8 Rxc8 35. Re5 Rb8 36. fxg6 hxg6 37. Rc5 Rb7 38. Kg2 Nd6 39. Rxd4 Rxb2+ 40. Kh3 Nf5 41. Rxa4 Rb3 42. Rf4 Rd3 43. Ra5 Nd4 44. Kg3 Ne2+ 45.
Kg4 Nxf4 46. Kxf4 Rd4+ 47. Kg3 Rb4 48. Rc5 Rb7 49. Rc4 1/2-1/2

[Event "Late-Titled-Tuesday-Blitz-May-28-2024"]
[Site "Chess.com"]
[Date "2024.05.28"]
[Round "9"]
[White "Byniolus"]
[Black "jcibarra"]
[Result "1-0"]
[WhiteElo "2746"]
[BlackElo "2886"]
[TimeControl "180+1"]
[EndTime "15:45:01 PDT"]
[Termination "Byniolus won on time"]

1. d4 d6 2. Nf3 h6 3. c4 Nf6 4.
Nc3 Bf5 5. g3 Ne4 6. Nxe4 Bxe4 7. Bg2 g6 8. O-O Bg7 9. Qb3 O-O 10. Rd1 b6 11. Qe3 d5 12. b3 c5 13. Bb2 Nc6 14.
cxd5 Bxd5 15. Rd2 e6 16. dxc5 Bxb2 17. Rxb2 Qf6 18. Rbb1 bxc5 19. Qxc5 Rfc8 20. Rc1 Kg7 21. h4 a5 22. Qc3 e5 23. Qe3 Re8 24. Rd1 Rad8 25.
Rac1 Rd6 26. Rc5 Red8 27. Rdc1 e4 28. Nd2 Nd4 29. Bxe4 Re8 30. f3 Qe5 31. Kf2 Nf5 32. Qc3 Qxc3 33. R1xc3 Be6 34. Bd3 Rd7 35. Rxa5 Red8 36.
Ne4 Nd4 37. Rac5 Ra7 38. a4 Nf5 39. Rc7 Ra5 40. Nc5 Nd4 41. Nxe6+ Nxe6 42. Rb7 Re5 43. Bc4 Nc5 44. Rxf7+ Kh8 45. Rc7 Rde8 46. e4 Rd8 47.
Rc2 Re7 48. Rxe7 Nd3+ 49. Bxd3 1-0

[Event "Late-Titled-Tuesday-Blitz-May-28-2024"]
[Site "Chess.com"]
[Date "2024.05.28"]
[Round "9"]
[White "MikeSailer"]
[Black "BenchGM"]
[Result "0-1"]
[WhiteElo "2149"]
[BlackElo "2246"]
[TimeControl "180+1"]
[EndTime "15:45:02 PDT"]
[Termination "BenchGM won on time"]

1. d4 Nf6 2. Nf3 b6 3. Bf4 Bb7 4. e3 g6 5. Be2 Bg7 6. O-O O-O 7. h3 d6 8. c4 Nbd7 9. Nc3 Re8 10. a4 a5 11. Nb5 e5 12. Bh2 Ne4 13. Re1 Rc8 14. Na7 Ra8 15. Nb5 Rc8 16. Nd2 Nxd2 17. Qxd2 Qg5 18.
Bg4 f5 19. f4 exf4 20. Bxf4 Qh4 21. Bd1 Nf6 22. d5 Ne4 23. Qe2 Ba6 24. Bc2 Bxb5 25. axb5 Nc5 26. Qf3 Bxb2 27. Rad1 a4 28. e4 fxe4 29.
Bxe4 a3 30. g3 Qf6 31. Bb1 Bd4+ 32. Kg2 Bc3 33. Rf1 Qg7 34. Qg4 Ra8 35. Ba2 Be5 36. Bxe5 Qxe5 37. Rde1 Qxe1 38. Rxe1 Rxe1 39. h4 Rae8 40. Qg5 R8e2+ 41. Kh3 Re7 42. h5 Ne4 43. Qf4 g5 44. Qf5 Re2 45. Kg4 Nf2+ 46. Kf3 R7e3+ 47. Kg2 Ne4+ 48. Kf1 Rf2+ 49. Qxf2 Nxf2 50. Kxf2 Rc3 0-1

[Event "Late-Titled-Tuesday-Blitz-May-28-2024"]
[Site "Chess.com"]
[Date "2024.05.28"]
[Round "9"]
[White "Supelyel"]
[Black "GlavkonVVS"]
[Result "0-1"]
[WhiteElo "2464"]
[BlackElo "2571"]
[TimeControl "180+1"]
[EndTime "15:45:03 PDT"]
[Termination "GlavkonVVS won by resignation"]

1. c4 Nf6 2. g3 c5 3. Bg2 Nc6 4. Nc3 d6 5. Nf3 e6 6. O-O Bd7 7. d3 a6 8. a3 Rb8 9. Rb1 b5 10.
cxb5 axb5 11. b4 cxb4 12. axb4 d5 13. Bf4 Rb7 14. Na2 Ra7 15. Qb3 Qa8 16. Ra1 Ra3 17. Qb2 Be7 18. Bd2 O-O 19. Nc3 Bxb4 20. Nxb5 Rxa1 21.
Rxa1 Qb8 22. Bxb4 Nxb4 23. Qxb4 Qxb5 24. Qxb5 Bxb5 25. Nd4 Bd7 26. Ra7 Rc8 27. h3 e5 28.
Nf3 Re8 29. g4 h6 30. d4 e4 31. Ne5 Be6 32. e3 Rc8 33. Bf1 Rc1 34. Kg2 g5 35. Bb5 Rc2 36. Bc6 Kg7 37. Kg3 h5 38. Ba4 h4+ 39. Kg2 Ra2 40. Ra8 Nh7 41. Bc6 Rc2 42. Ra7 Nf6 43. Bb5 Kf8 44. Ra8+ Kg7 45. Ra7 Rb2 46. Bc6 Kf8 47. Ra8+ Ke7 48. Ra7+ Kd6 49. Bb5 Rxb5 50. Ra8 Ke7 51. Nc6+ Kd7 52. Ne5+ Kc7 53. Rh8 Nd7 54. Nxd7 Kxd7 55. Rg8 f6 56. Rg7+ Kd6 57. Rg6 Ke7 58. Rg7+ Bf7 59. Rh7 Rb2 60. Kg1 Kf8 61.
Rh8+ Bg8 62. Rxh4 gxh4 0-1

[Event "Late-Titled-Tuesday-Blitz-May-28-2024"]
[Site "Chess.com"]
[Date "2024.05.28"]
[Round "9"]
[White "Flaccidmoves"]
[Black "crazy_but_lazy"]
[Result "0-1"]
[WhiteElo "2495"]
[BlackElo "2668"]
[TimeControl "180+1"]
[EndTime "15:45:05 PDT"]
[Termination "crazy_but_lazy won by resignation"]

1. Nf3 Nf6 2. b3 b6 3. Bb2 Bb7 4. g3 g6 5. Bg2 Bg7 6. O-O O-O 7. c4 c5 8. Nc3 d6 9. d3 Nbd7 10. Qd2 a6 11. a3 Bc6 12. b4 Qc7 13. Rac1 Rac8 14.
h3 Qb8 15. Rb1 Qa8 16. e4 e6 17. Ne1 Rfd8 18. Nc2 d5 19. exd5 exd5 20. cxd5 Nxd5 21. Nxd5 Bxd5 22. Bxd5 Qxd5 23. bxc5 Bxb2 24. Rxb2 Nxc5 25. Rxb6 Nxd3 26. Ne3 Qe4 27. Qa2 Ne5 28. Rf6 Kg7 29. Rf4 Qc6 30. h4 Nf3+ 31. Kh1 Ne5+ 32. Kh2 Rd7 33. Ng4 Nxg4+ 34. Rxg4 Rcd8 35. Qa1+ Kg8 36. Rc1 Qe6 37. Rf4 Rd2 38. Qf6 Qxf6 39. Rxf6 Kg7 40. Rxa6 Rxf2+ 41. Kg1 Rdd2 42. Ra7 Rg2+ 43. Kh1 Rh2+ 44.
Kg1 Rhg2+ 45. Kf1 Rxg3 46. Rcc7 Rf3+ 47. Ke1 Ra2 48. Re7 Rf5 49. a4 h5 50. a5 Raxa5 51.
Rxa5 Rxa5 52. Re4 Rf5 53. Ke2 Kf6 54. Ke3 Re5 0-1

[Event "Late-Titled-Tuesday-Blitz-May-28-2024"]
[Site "Chess.com"]
[Date "2024.05.28"]
[Round "9"]
[White "rdarruda"]
[Black "Chaubunagungamaug1"]
[Result "0-1"]
[WhiteElo "2545"]
[BlackElo "2475"]
[TimeControl "180+1"]
[EndTime "15:45:06 PDT"]
[Termination "Chaubunagungamaug1 won on time"]

1. d4 Nf6 2. Nf3 d5 3. c4 e6 4.
Nc3 c6 5. e3 Nbd7 6. Bd3 dxc4 7. Bxc4 b5 8. Bd3 b4 9. Ne4 Nxe4 10. Bxe4 Bb7 11. O-O Bd6 12. b3 O-O 13. Bb2 Rc8 14. Rc1 Qe7 15. Ne5 Nf6 16. Bf3 Nd5 17. Nc4 Bb8 18. e4 Nf6 19. Qe2 c5 20. Rfd1 Rfd8 21.
dxc5 Rxc5 22. Rxd8+ Qxd8 23. Rd1 Qe7 24. e5 Bxf3 25.
Qxf3 Nd5 26. h3 h6 27. Qe4 Qg5 28. g3 Rc8 29. Kg2 Bc7 30. Rd3 Bb6 31. Rf3 Rc7 32. Nd6 g6 33. Ne8 Re7 34. Nf6+ Nxf6 35. exf6 Re8 36. Qc6 Rd8 37. h4 Qd2 38. Be5 h5 39. Qb7 Qd5 40. Qe7 Qxe5 41. Rf4 Qd5+ 42. Kh2 Qd6 43. Qb7 Qc7 44. Qf3 Qc5 45. Qe2 Rd4 46. Qa6 Rxf4 47. gxf4 Qxf2+ 48. Kh3 Qf3+ 49. Kh2 Qxf4+ 50.
Kg2 Qg4+ 0-1

[Event "Late-Titled-Tuesday-Blitz-May-28-2024"]
[Site "Chess.com"]
[Date "2024.05.28"]
[Round "9"]
[White "rionelG"]
[Black "Synctel"]
[Result "0-1"]
[WhiteElo "2281"]
[BlackElo "2092"]
[TimeControl "180+1"]
[EndTime "15:45:06 PDT"]
[Termination "Synctel won by checkmate"]

1. d4 Nf6 2. c4 e6 3. Nc3 Bb4 4. a3 Bxc3+ 5. bxc3 d6 6. Qc2 h6 7. e4 e5 8. Ne2 Nc6 9. Ng3 exd4 10. Bd3 O-O 11.
O-O Ng4 12. cxd4 Nxd4 13. Qc3 c5 14. Be3 Qf6 15. h3 Nf3+ 16. gxf3 Qxc3 17. hxg4 Qxd3 18.
Rfd1 Qxc4 19. Rxd6 b6 20. Kg2 Be6 21. Rad1 Qa4 22.
Bc1 c4 23. Ne2 b5 24. Kg3 Qa5 25. f4 Rfd8 26. f5 Rxd6 27. Rxd6 Qc7 28. e5 Bd5 29. Bf4 Qc5 30. Nc3 Bb7 31. e6 Qxa3 32. exf7+ Kxf7 33. Rd7+ Kg8 34. Be5 b4 35. Rxg7+ Kf8 36. Rxb7 bxc3 37.
Kh4 c2 38. Bf4 Qe7+ 39. Kh3 Qxb7 40. Bxh6+ Qg7 41. Bf4 Qh7+ 42. Kg3 Qb7 43. f3 Qb3 44. g5 Qb1 45. g6 c1=Q 46. Bxc1 Qxc1 47. Kg4 Qh6 48. f4 Kg7 49. Kf3 Kf6 50. Kg4 a5 51. g7 c3 52. Kf3 Qxg7 53. Ke4 Qb7+ 54. Kd3 Qb2 55. Kc4 Qd2 56. Kc5 c2 57. Kb6 Rd8 58. Kb5 Qd5+ 59. Ka4 Rc8 60. Ka3 c1=Q+ 61. Ka4 Qdc4+ 62. Kxa5 Qb4+ 63. Ka6 Qa1# 0-1

[Event "Late-Titled-Tuesday-Blitz-May-28-2024"]
[Site "Chess.com"]
[Date "2024.05.28"]
[Round "9"]
[White "TokChess"]
[Black "Navyblue1"]
[Result "1/2-1/2"]
[WhiteElo "2476"]
[BlackElo "2234"]
[TimeControl "180+1"]
[EndTime "15:45:13 PDT"]
[Termination "Game drawn - insufficient material"]

1. e4 c5 2. Nf3 d6 3. d4 cxd4 4. Qxd4 a6 5. Nc3 Nc6 6. Qd3 Nf6 7. h3 g6 8. Bg5 Bg7 9. Be2 O-O 10. O-O b5 11. Rfe1 Bb7 12. a3 Rc8 13. Rad1 Re8 14. Nd5 Nxd5 15. exd5 Ne5 16. Nxe5 dxe5 17. c3 Qd6 18.
Bf3 Red8 19. a4 bxa4 20. Ra1 f6 21. Be3 Bxd5 22. Bxd5+ Qxd5 23. Qxd5+ Rxd5 24. Rxa4 Rb5 25. Re2 a5 26. Rc2 Rcb8 27. Bc1 f5 28. c4 Rb4 29. Rxa5 Rc8 30. c5 e6 31. Bd2 Rb3 32. c6 e4 33. Bc1 Rc7 34. Bf4 e5 35. Bxe5 Bxe5 36.
Rxe5 Kf7 37. Rec5 Ke6 38. h4 Kd6 39. g3 Rb6 40. R5c3 Rcxc6 41. Kg2 Rxc3 42. bxc3 Rc6 43.
h5 Rc4 44. hxg6 hxg6 45. Kh3 Ke5 46. Kh4 Kf6 47. g4 Rc7 48. gxf5 gxf5 49. Kg3 Ke5 50. c4 Rg7+ 51. Kh3 Rc7 52. c5 Kd5 53. Kg3 Rxc5 54. Rxc5+ Kxc5 55. Kf4 Kd5 56. Kxf5 Kd4 57. Kf4 Kd3 58. Ke5 Ke2 59. Kxe4 Kxf2 1/2-1/2

[Event "Late-Titled-Tuesday-Blitz-May-28-2024"]
[Site "Chess.com"]
[Date "2024.05.28"]
[Round "9"]
[White "IMRosen"]
[Black "K_A_S_T_O_R"]
[Result "0-1"]
[WhiteElo "2728"]
[BlackElo "2857"]
[TimeControl "180+1"]
[EndTime "15:45:15 PDT"]
[Termination "K_A_S_T_O_R won by checkmate"]

1. d4 Nf6 2. Bf4 d6 3. Nc3 Nbd7 4. Nf3 c5 5. e3 a6 6. a4 g6 7. Bc4 Bg7 8. O-O O-O 9. h3 Qc7 10. d5 Nb6 11. Be2 Bf5 12. a5 Nc8 13. Nd2 b5 14. axb6 Nxb6 15. e4 Bc8 16. Ra3 Nfd7 17. Bh2 Bb7 18.
f4 c4 19. Kh1 Nc5 20. Bf3 Rad8 21. f5 e6 22. dxe6 fxe6 23. fxe6 Nxe6 24. Nd5 Nxd5 25. exd5 Ng5 26. c3 Nxf3 27. Nxf3 Qc5 28. Bg1 Qb5 29. Bd4 Bh6 30. b4 Qxd5 31. Ra5 Qc6 32. Qe2 Rde8 33.
Qf2 Qd7 34. Qh4 Bf4 35. b5 axb5 36. Ra7 Ra8 37. Rxb7 Qxb7 38. Ng1 Be5 39. Bxe5 dxe5 40. Re1 Ra2 41. Nf3 Rxf3 42. Qd8+ Rf8 43. Qg5 Qd5 44. Rxe5 Qd1+ 45. Kh2 Qd6 46. Qg3 Qf6 47. Re4 Qf5 48. Rg4 Qf2 49. Qc7 Qf6 50. h4 Rf2 51.
h5 Rf5 52. hxg6 hxg6 53. Rg3 Rh5+ 54.
Rh3 Qf4+ 55. Qxf4 Rxf4 56. Kg3 Rxh3+ 57. Kxf4 Rxc3 58. Kg5 Rd3 59. g4 b4 60. Kh6 b3 61.
g5 b2 62. Kxg6 b1=Q 63. Kh6 Rh3# 0-1